[Event "*** Titled Tuesday Blitz"]
[Site "Chess.com"]
[Date "2019.08.06"]
[Round "1"]
[White "dmosesov"]
[Black "BoboHead"]
[Result "1-0"]
[WhiteElo "2564"]
[BlackElo "2126"]
[TimeControl "180+2"]
[EndTime "13:05:55 PDT"]
[Termination "dmosesov won by resignation"]

1. d4 Nf6 2. Nf3 e6 3. c4 b6 4.
Nc3 Bb4 5. Bg5 Bb7 6. e3 h6 7. Bh4 g5 8. Bg3 Ne4 9. Qc2 f5 10. Bd3 Bxc3+ 11. bxc3 d6 12. d5 Nc5 13. Nd4 Qf6 14. h4 Rg8 15. hxg5 hxg5 16. dxe6 Nxd3+ 17. Qxd3 Be4 18. Qe2 Bxg2 19. Rh7 f4 20. exf4 gxf4 21.
Qh5+ Kd8 22. Bh4 1-0

[Event "*** Titled Tuesday Blitz"]
[Site "Chess.com"]
[Date "2019.08.06"]
[Round "1"]
[White "Padenie_Zvezd"]
[Black "kasparicy"]
[Result "1-0"]
[WhiteElo "2821"]
[BlackElo "2412"]
[TimeControl "180+2"]
[EndTime "13:05:59 PDT"]
[Termination "Padenie_Zvezd won by resignation"]

1. d4 Nf6 2. c4 g6 3. g3 c6 4. Bg2 d5 5. Nf3 Bg7 6. O-O O-O 7. Qb3 a5 8. Nc3 a4 9. Qb4 dxc4 10.
Qxc4 Nbd7 11. e4 Nb6 12. Qb4 Be6 13. Rd1 Bc4 14. Ne5 Ba6 15. Be3 Nfd7 16. f4 Nxe5 17.
dxe5 Qc8 18. Bxb6 h5 19. Qxe7 h4 20. Qxh4 c5 21. Qe7 a3 22. bxa3 Bc4 23. Qxc5 Qe6 24. Rd6 1-0

[Event "*** Titled Tuesday Blitz"]
[Site "Chess.com"]
[Date "2019.08.06"]
[Round "1"]
[White "Leonid_Starozhilov"]
[Black "TijanaBlagojevic"]
[Result "1-0"]
[WhiteElo "2718"]
[BlackElo "2361"]
[TimeControl "180+2"]
[EndTime "13:05:59 PDT"]
[Termination "Leonid_Starozhilov won by checkmate"]

1. Nf3 d5 2. g3 c6 3. Bg2 Bg4 4. O-O e6 5. d3 Nd7 6. Nbd2 Bd6 7. e4 Ne7 8. b3 O-O 9. Bb2 a5 10. a3 b5 11. h3 Bh5 12. Qe2 Qb6 13. Kh2 c5 14.
exd5 exd5 15. Rfe1 Rfe8 16. Qf1 Bg6 17. Nh4 Nf5 18.
Ndf3 a4 19. Nxf5 Bxf5 20. Nh4 Bg6 21. Bxd5 Rad8 22. Rxe8+ Rxe8 23. Re1 Rxe1 24. Qxe1 Nf8 25. Nxg6 hxg6 26. Qe8 c4 27. Qxf7+ Kh7 28. Bc1 g5 29. Qh5# 1-0

[Event "*** Titled Tuesday Blitz"]
[Site "Chess.com"]
[Date "2019.08.06"]
[Round "1"]
[White "Doraemon7"]
[Black "ChrisTool2"]
[Result "1-0"]
[WhiteElo "2637"]
[BlackElo "2280"]
[TimeControl "180+2"]
[EndTime "13:06:01 PDT"]
[Termination "Doraemon7 won by resignation"]

1. Nf3 d5 2. d4 Nf6 3. c4 e6 4. g3 dxc4 5. Bg2 Nc6 6. O-O Rb8 7.
Nc3 b5 8. Ne5 Nxe5 9. dxe5 Nd7 10.
Qd4 c5 11. Qf4 Qc7 12. Rd1 Qxe5 13. Rxd7 Qxf4 14. Bxf4 Bxd7 15. Bxb8 Be7 16. Rd1 b4 17. Ne4 Ba4 18. Rc1 O-O 19. Bd6 Bxd6 20. Nxd6 Rd8 21.
Nxc4 Bb5 22. Bf3 g5 23. b3 Kg7 24. Kg2 f5 25. h3 Kg6 26. Ne5+ Kf6 27. Rxc5 Be8 28.
Nd3 h5 29. Bc6 Bg6 30. Nxb4 Rd2 31. Rc2 Rd1 32. Nd3 f4 33. gxf4 gxf4 34. Rc1 Rd2 35. Nxf4 Bf5 36. Nxh5+ Kg5 37. Ng3 Rd6 38. Ne4+ Bxe4+ 39.
Bxe4 Rd2 40. Rc2 1-0

[Event "*** Titled Tuesday Blitz"]
[Site "Chess.com"]
[Date "2019.08.06"]
[Round "1"]
[White "Nakachuk"]
[Black "VeraNebolsina"]
[Result "0-1"]
[WhiteElo "2676"]
[BlackElo "2368"]
[TimeControl "180+2"]
[EndTime "13:06:02 PDT"]
[Termination "VeraNebolsina won by resignation"]

1. Nf3 g6 2. g3 Bg7 3. Bg2 Nf6 4. O-O O-O 5. d4 d5 6. Nbd2 c6 7. c3 a5 8. a4 Bf5 9. Nh4 Be6 10. Re1 Qc8 11.
e4 dxe4 12. Nxe4 Bh3 13. Bh1 Nxe4 14. Bxe4 Nd7 15. Bh1 Be6 16. Nf3 Bg4 17. Qd3 Bxf3 18. Bxf3 e6 19. h4 h5 20. Bg5 Nb6 21. Kg2 Qd7 22.
g4 hxg4 23. Bxg4 c5 24. h5 Qd5+ 25. f3 Qxg5 26. dxc5 Nd5 27. Kh1 gxh5 28. Bh3 Nf4 29. Qc2 Qh4 30. Qh2 Qxh3 0-1

[Event "*** Titled Tuesday Blitz"]
[Site "Chess.com"]
[Date "2019.08.06"]
[Round "1"]
[White "TregubovP"]
[Black "FearNoEvil12"]
[Result "1-0"]
[WhiteElo "2525"]
[BlackElo "1983"]
[TimeControl "180+2"]
[EndTime "13:06:03 PDT"]
[Termination "TregubovP won by resignation"]

1. e4 a6 2. d4 b5 3. a4 b4 4. Nf3 Bb7 5. Bd3 e6 6. O-O Nf6 7. Re1 d6 8. c4 bxc3 9. bxc3 Nbd7 10.
Nbd2 Rg8 11. Rb1 Rb8 12. Qe2 g5 13. Bxa6 g4 14. Bxb7 gxf3 15. Nxf3 h5 16. Bg5 Be7 17. Bc6 Rxb1 18. Rxb1 Ng4 19. Bxe7 Kxe7 20. h3 Ngf6 21. a5 Qf8 22. a6 Qg7 23. Qf1 Nb6 24. a7 Nfd7 25. c4 Qf6 26. e5 Qf4 27. c5 dxc5 28.
dxc5 Nxc5 29. Rxb6 cxb6 30. a8=Q Rxa8 31. Bxa8 1-0

[Event "*** Titled Tuesday Blitz"]
[Site "Chess.com"]
[Date "2019.08.06"]
[Round "1"]
[White "DanielNaroditsky"]
[Black "Quiet_Desperation"]
[Result "1-0"]
[WhiteElo "2988"]
[BlackElo "2500"]
[TimeControl "180+2"]
[EndTime "13:06:07 PDT"]
[Termination "DanielNaroditsky won by resignation"]

1. d4 Nf6 2. Nc3 e6 3. e4 d5 4. e5 Nfd7 5. Nf3 c5 6. dxc5 Nc6 7. Bf4 Nxc5 8. Be2 Be7 9. O-O O-O 10. Nb5 a6 11. Nd6 Bxd6 12. exd6 Ne4 13. c4 Nxd6 14. cxd5 exd5 15. Qxd5 Nf5 16. Rfd1 Qxd5 17. Rxd5 Be6 18. Rd2 Rfd8 19. Rad1 Rxd2 20. Rxd2 Rd8 21. Rxd8+ Nxd8 22. a3 Nc6 23. Bd3 f6 24. Be4 Bd7 25. Kf1 Kf7 26. g4 Nfe7 27. h3 g6 28. Bc2 Be6 29. Ke2 Bd5 30.
Be3 Bc4+ 31. Kd2 Nd5 32. Bh6 Bf1 33. Bb3 Ke6 34. h4 Bh3 35. g5 f5 36. Bg7 Bg2 37.
Ne1 Bh3 38. Nd3 Bg4 39. Nf4+ 1-0

[Event "*** Titled Tuesday Blitz"]
[Site "Chess.com"]
[Date "2019.08.06"]
[Round "1"]
[White "Muracle"]
[Black "NoGalloNoParty"]
[Result "0-1"]
[WhiteElo "2629"]
[BlackElo "2316"]
[TimeControl "180+2"]
[EndTime "13:06:09 PDT"]
[Termination "NoGalloNoParty won by resignation"]

1. Nf3 Nf6 2. g3 g6 3. Bg2 Bg7 4. O-O O-O 5. d4 d5 6. c4 c6 7.
Qb3 dxc4 8. Qxc4 Bf5 9. Nc3 Ne4 10. Qb3 Qb6 11. Ne5 Nxc3 12. bxc3 Nd7 13. Nc4 Qa6 14.
Ne3 Be6 15. Qc2 Nf6 16. a4 Nd5 17. Ng4 Bxg4 18. Re1 Qc4 19. Bd2 Bxe2 20. a5 Bd3 21.
Qb2 b6 22. a6 b5 23. Qc1 Rfe8 24.
Ra3 e5 25. dxe5 Rxe5 26. Rxe5 Bxe5 27. Qe1 Bd6 28. Ra1 Nf6 29. Qe3 Bc5 30. Qg5 Ne4 31. Bxe4 Bxe4 32. Re1 Qd5 33. Qh6 Bh1 0-1

[Event "*** Titled Tuesday Blitz"]
[Site "Chess.com"]
[Date "2019.08.06"]
[Round "1"]
[White "Tiqr777"]
[Black "ZenBull"]
[Result "1-0"]
[WhiteElo "2557"]
[BlackElo "2115"]
[TimeControl "180+2"]
[EndTime "13:06:13 PDT"]
[Termination "Tiqr777 won by resignation"]

1. g3 d5 2. Bg2 Nf6 3. d3 e6 4.
Nf3 Be7 5. O-O O-O 6. Nc3 b6 7.
e4 Bb7 8. exd5 Nxd5 9. Ne2 Nd7 10. c4 N5f6 11. d4 c5 12. b3 Rc8 13. Bb2 Qc7 14. Qc2 Rfd8 15. Rad1 Qb8 16. Nh4 Bxg2 17. Nxg2 cxd4 18. Nxd4 Nf8 19. Qe2 Qb7 20. Ne3 Rd7 21. Qf3 Qxf3 22. Nxf3 Rcd8 23. Rxd7 Rxd7 24. Rd1 Rxd1+ 25.
Nxd1 N8d7 26. Kf1 Kf8 27. Ke2 Ke8 28. Nc3 Bd6 29. Nd2 a6 30. Nce4 Be7 31. f4 g6 32.
Kd3 Nxe4 33. Nxe4 h6 34. Bd4 Nc5+ 35. Nxc5 bxc5 36. Bc3 Kd7 37. Ke4 Bd6 38. h3 Ke7 39. a3 h5 40. b4 Kd7 41. b5 axb5 42. cxb5 Kc7 43. a4 Kb6 44. h4 Bf8 45. Kd3 Bd6 46.
Kc4 Be7 47. a5+ Kb7 48. Bd2 Bd8 49. a6+ Kb6 50. Ba5+ 1-0

[Event "*** Titled Tuesday Blitz"]
[Site "Chess.com"]
[Date "2019.08.06"]
[Round "1"]
[White "Faustregel"]
[Black "FairChess_on_YouTube"]
[Result "0-1"]
[WhiteElo "2508"]
[BlackElo "3027"]
[TimeControl "180+2"]
[EndTime "13:06:15 PDT"]
[Termination "FairChess_on_YouTube won by checkmate"]

1. e4 c5 2. Nf3 e6 3. d4 cxd4 4. Nxd4 Nc6 5. Nc3 Qc7 6. Ndb5 Qb8 7. Be3 a6 8. Nd4 Nf6 9. Be2 Bb4 10. f3 d5 11. a3 Ba5 12. O-O O-O 13. exd5 exd5 14. Bf2 Re8 15. Bd3 Bc7 16. g3 Nxd4 17. Bxd4 Bxg3 18. hxg3 Qxg3+ 19. Kh1 Qh4+ 20. Kg1 Qxd4+ 21.
Rf2 g6 22. Bf1 Qh4 23. Nxd5 Nxd5 24. Qxd5 Bf5 25. Qxb7 Rab8 26. Qxa6 Rxb2 27. Qc6 Rc8 28. Qd5 Rcxc2 29. Rxc2 Rxc2 30. Qe5 Qf2+ 31. Kh1 Qxf3+ 32. Kg1 Qf2+ 33. Kh1 Be4+ 34. Qxe4 Qh2# 0-1

[Event "*** Titled Tuesday Blitz"]
[Site "Chess.com"]
[Date "2019.08.06"]
[Round "1"]
[White "Nathan_Filgueiras"]
[Black "OlympusMons95"]
[Result "0-1"]
[WhiteElo "2218"]
[BlackElo "2609"]
[TimeControl "180+2"]
[EndTime "13:06:15 PDT"]
[Termination "OlympusMons95 won by resignation"]

1. e4 g6 2. d4 Bg7 3. Nc3 d6 4. f4 a6 5. Nf3 b5 6. Bd3 Nd7 7.
a4 b4 8. Nd5 Bb7 9. Nxb4 c5 10.
dxc5 Nxc5 11. Qe2 Nf6 12. e5 dxe5 13. fxe5 Ng4 14. Bf4 O-O 15. O-O Qb6 16. Kh1 Qxb4 17. Ng5 Nxd3 18. cxd3 Nh6 19. Bd2 Qg4 0-1

[Event "*** Titled Tuesday Blitz"]
[Site "Chess.com"]
[Date "2019.08.06"]
[Round "1"]
[White "sergiochess83"]
[Black "santosalberto1987"]
[Result "1-0"]
[WhiteElo "2906"]
[BlackElo "2476"]
[TimeControl "180+2"]
[EndTime "13:06:17 PDT"]
[Termination "sergiochess83 won by resignation"]

1. e4 e6 2. d4 d5 3. Nd2 c5 4. Ngf3 cxd4 5. Nxd4 Nf6 6. exd5 Nxd5 7. N2f3 Be7 8. Bd3 O-O 9. O-O a6 10. c3 b5 11. a4 b4 12. c4 Nf6 13. b3 Bb7 14. Bb2 Qc7 15. Qe2 Nc6 16. Rfe1 Rad8 17. Bc2 Nd7 18.
Nxe6 fxe6 19. Qxe6+ Rf7 20. Bxh7+ Kxh7 21. Qxf7 Bf8 22. Ng5+ Kh6 23. Re6+ Nf6 24. Qxc7 1-0

[Event "*** Titled Tuesday Blitz"]
[Site "Chess.com"]
[Date "2019.08.06"]
[Round "1"]
[White "LarissaSteenbekkers"]
[Black "Oleg_Papayan"]
[Result "0-1"]
[WhiteElo "1809"]
[BlackElo "2517"]
[TimeControl "180+2"]
[EndTime "13:06:20 PDT"]
[Termination "Oleg_Papayan won by resignation"]

1. e4 c5 2. Nf3 Nc6 3. d4 cxd4 4. Nxd4 Nf6 5. Nc3 d6 6. Bg5 Qa5 7. Bxf6 gxf6 8. Nb3 Qb6 9. Bd3 Be6 10. O-O a6 11.
Kh1 O-O-O 12. f4 Rg8 13. f5 Bd7 14. Nd5 Qa7 15. a4 Ne5 16. a5 Bc6 17. Nb6+ Kc7 18. c4 Nd7 19. Bc2 Nxb6 20. axb6+ Qxb6 21. Qe1 Bh6 22. Na5 Rg4 23. b4 Rdg8 24. g3 Qe3 25. Nxc6 Qxe1 26.
Rfxe1 Kxc6 27. Bd3 Bd2 28. b5+ axb5 29. cxb5+ Kb6 30.
Re2 Bb4 31. Rc2 Bc5 32. Kg2 h5 33. Kf3 h4 34. Rg2 Bd4 35. Rc1 Be5 36. Rcg1 hxg3 37. hxg3 R4g5 38. g4 Ra8 39. Re1 Ra3 40. Rd1 Rg8 41.
Ke2 Bd4 42. Bc4 Re3+ 43. Kd2 Rxe4 44. Bxf7 Rgxg4 45. Rxg4 Rxg4 46. Be6 Kxb5 47. Rb1+ Kc6 48. Bc8 b5 49. Be6 Bc5 0-1

[Event "*** Titled Tuesday Blitz"]
[Site "Chess.com"]
[Date "2019.08.06"]
[Round "1"]
[White "gmcorrales"]
[Black "GuerrieroFromLevant"]
[Result "1-0"]
[WhiteElo "2743"]
[BlackElo "2381"]
[TimeControl "180+2"]
[EndTime "13:06:25 PDT"]
[Termination "gmcorrales won by resignation"]

1. c4 e6 2. Nf3 d5 3. d4 c5 4. cxd5 exd5 5. g3 Nc6 6. Bg2 Nf6 7. O-O Be7 8. dxc5 Bxc5 9. a3 Ne4 10. b4 Be7 11. Bb2 Bf6 12. Bxf6 Qxf6 13. Qxd5 Be6 14. Qxe4 Qxa1 15. b5 Nd8 16. Ng5 Qf6 17. h4 h6 18.
Nxe6 Qxe6 19. Qd3 O-O 20. Nc3 Rc8 21. Nd5 Qd6 22. Rd1 Qc5 23. Qf5 Ne6 24. Be4 g6 25.
Qf6 Kh7 26. h5 Ng5 27. hxg6+ Kg8 28. Ne7+ 1-0

[Event "*** Titled Tuesday Blitz"]
[Site "Chess.com"]
[Date "2019.08.06"]
[Round "1"]
[White "sebsep"]
[Black "kenta1234"]
[Result "1-0"]
[WhiteElo "2116"]
[BlackElo "2540"]
[TimeControl "180+2"]
[EndTime "13:06:25 PDT"]
[Termination "sebsep won by resignation"]

1. e4 c5 2. Nf3 Nc6 3. d4 cxd4 4. Nxd4 e6 5. Nc3 Qc7 6. Be3 a6 7. Qf3 Ne5 8. Qg3 h5 9. Bf4 d6 10. Bg5 Nf6 11. O-O-O Be7 12. f4 Nc4 13. Bxc4 Qxc4 14.
e5 Nd5 15. Nxd5 h4 16. Qg4 exd5 17. f5 dxe5 18. Bxe7 Kxe7 19. Qxg7 exd4 20. Rhe1+ Kd6 21. Rxd4 Qc7 22. Qe5+ Kc6 23. Qxh8 Kb6 24. Rxd5 Ka7 25. Qd4+ b6 26. f6 Bb7 27. Rd7 Qxh2 28. Ree7 Qh1+ 29.
Qd1 Qxg2 30. Rxb7+ Qxb7 31. Rxb7+ Kxb7 32. Qd5+ Ka7 1-0

[Event "*** Titled Tuesday Blitz"]
[Site "Chess.com"]
[Date "2019.08.06"]
[Round "1"]
[White "payto1"]
[Black "farzadbfd"]
[Result "0-1"]
[WhiteElo "2328"]
[BlackElo "2668"]
[TimeControl "180+2"]
[EndTime "13:06:27 PDT"]
[Termination "farzadbfd won by resignation"]

1. d4 d5 2. c4 e6 3. Nc3 Be7 4.
cxd5 exd5 5. Bf4 c6 6. e3 Nf6 7.
Bd3 O-O 8. h3 Bd6 9. Bxd6 Qxd6 10. Nf3 Re8 11. Qc2 Nbd7 12. O-O Nf8 13. Rab1 a5 14.
Na4 Ne4 15. Bxe4 dxe4 16. Nd2 f5 17. Nb6 Rb8 18. Ndc4 Qc7 19. Nxc8 Rbxc8 20. Qb3 Kh8 21. Qb6 Qe7 22. Qxa5 Qe6 23. Nb6 Rcd8 24. Rbc1 Ng6 25. a3 f4 26. Qg5 f3 27. g4 Qb3 28. Nc4 Rd5 29. Qxd5 cxd5 30. Nd6 Rf8 31. Rc5 Qb6 32.
Nf5 Qe6 33. Rfc1 Ne7 34. Nxe7 Qxe7 35. Rc8 h6 36. R1c7 Qf6 37. Rxf8+ Qxf8 38. Rxb7 Qc8 39. Rb5 Qc1+ 40. Kh2 Qf1 41. Rb8+ Kh7 42. Kg3 g5 43. Rb7+ Kg6 44. Rb6+ Kf7 45. Rb7+ Kg8 46. Rb8+ Kf7 47. Rb7+ Ke6 48. Rb6+ Kd7 49. Rb7+ Kd8 50. Rb8+ Kd7 51.
Rb7+ Kd6 52. Rb6+ Kc7 0-1

[Event "*** Titled Tuesday Blitz"]
[Site "Chess.com"]
[Date "2019.08.06"]
[Round "1"]
[White "underdogchss"]
[Black "mishanick"]
[Result "0-1"]
[WhiteElo "2500"]
[BlackElo "2985"]
[TimeControl "180+2"]
[EndTime "13:06:34 PDT"]
[Termination "mishanick won by resignation"]

1. d4 Nf6 2. Nf3 d5 3. c4 e6 4. Nc3 Nbd7 5. cxd5 exd5 6. Bg5 Be7 7. e3 c6 8. Bd3 Nh5 9. Bxe7 Qxe7 10. O-O O-O 11.
Qb1 g6 12. b4 a6 13. Rc1 b5 14. a4 Nb6 15. Ne5 Bb7 16. a5 Nc4 17. Bxc4 bxc4 18. Na4 Qd6 19. Nc5 Bc8 20. Qc2 f6 21. Nf3 Bf5 22. Qc3 Ng7 23. Nd2 Ra7 24. e4 Bc8 25.
Nf3 Raf7 26. Ra2 Ne6 27. e5 Qd8 28. Nxe6 Bxe6 29. h3 Bf5 30. Re2 Be4 31. Nd2 Bd3 32.
Re3 fxe5 33. Rxe5 Rxf2 34. Nf3 R8xf3 35. gxf3 Qh4 36. Rg5 Rxf3 37. Qd2 Rxh3 38. Qg2 Rh1+ 39. Qxh1 Qxg5+ 40. Kh2 Qf4+ 0-1

[Event "*** Titled Tuesday Blitz"]
[Site "Chess.com"]
[Date "2019.08.06"]
[Round "1"]
[White "Ravan_02"]
[Black "GremioPrudente"]
[Result "1-0"]
[WhiteElo "2611"]
[BlackElo "2221"]
[TimeControl "180+2"]
[EndTime "13:06:34 PDT"]
[Termination "Ravan_02 won on time"]

1. d4 d5 2. c4 c6 3. Nc3 e6 4. Nf3 dxc4 5. a4 Bb4 6. e3 b5 7.
Ne5 Nf6 8. Bd2 Bxc3 9. Bxc3 Bb7 10. axb5 cxb5 11. Bb4 a5 12. Bc5 Qc7 13. b3 Nbd7 14.
Nxd7 Nxd7 15. Ba3 b4 16. Bc1 c3 17. Qg4 O-O 18. Bd3 Nf6 19. Qh4 g6 20. Qxf6 Rfd8 21. O-O Qc6 22. e4 Rd6 23. Bh6 1-0

[Event "*** Titled Tuesday Blitz"]
[Site "Chess.com"]
[Date "2019.08.06"]
[Round "1"]
[White "Infernal_XaM"]
[Black "JMatias"]
[Result "0-1"]
[WhiteElo "2831"]
[BlackElo "2449"]
[TimeControl "180+2"]
[EndTime "13:06:35 PDT"]
[Termination "JMatias won by resignation"]

1. c4 e6 2. Nc3 d5 3. e3 Nf6 4. g4 Be7 5. g5 Ne4 6. Nxe4 dxe4 7. h4 b6 8. Bg2 Bb7 9. Qc2 Na6 10. Bxe4 Nb4 11.
Qa4+ c6 12. a3 Nd3+ 13. Ke2 Nc5 14. Qc2 Nxe4 15. Qxe4 Qd7 16. Nf3 c5 17. Qf4 O-O 18.
Rg1 f6 19. gxf6 Rxf6 20. Ne5 Qc7 21. Qg3 Bd6 22. f4 Bxe5 23. fxe5 Rf5 24. b3 Raf8 25. Bb2 Bf3+ 26. Ke1 Bh5 27. Bc3 Qf7 28. Qh3 Rf2 0-1

[Event "*** Titled Tuesday Blitz"]
[Site "Chess.com"]
[Date "2019.08.06"]
[Round "1"]
[White "Rakesh"]
[Black "moro182"]
[Result "1-0"]
[WhiteElo "2435"]
[BlackElo "2811"]
[TimeControl "180+2"]
[EndTime "13:06:35 PDT"]
[Termination "Rakesh won by resignation"]

1. e4 e5 2. d4 exd4 3. Qxd4 Nc6 4. Qe3 Nf6 5. Nc3 Bb4 6. Bd2 O-O 7. O-O-O Re8 8. Qg3 a5 9. Bd3 Ne5 10. f4 Nxd3+ 11. cxd3 d5 12. e5 Ng4 13. h3 Nh6 14. Qf3 Nf5 15. g4 Nd4 16. Qf2 c5 17. Nf3 Bxc3 18.
bxc3 Nxf3 19. Qxf3 d4 20. c4 Rb8 21. Qd5 Qc7 22.
Qd6 Qxd6 23. exd6 b6 24. Rhe1 Bd7 25. Rxe8+ Rxe8 26. Re1 Rxe1+ 27. Bxe1 f5 28. gxf5 Bxf5 29. Bh4 Bxd3 30. d7 1-0

[Event "*** Titled Tuesday Blitz"]
[Site "Chess.com"]
[Date "2019.08.06"]
[Round "1"]
[White "randy296"]
[Black "MarianPetrov"]
[Result "0-1"]
[WhiteElo "2120"]
[BlackElo "2561"]
[TimeControl "180+2"]
[EndTime "13:06:37 PDT"]
[Termination "MarianPetrov won by resignation"]

1. d4 g6 2. e4 Bg7 3. Nf3 d6 4. Nc3 Nf6 5. h3 O-O 6. Be3 c6 7. a4 Nbd7 8. Be2 Qc7 9. O-O b6 10. Re1 a6 11. Qd2 Bb7 12. Bf4 e5 13. Bh6 b5 14.
Bxg7 Kxg7 15. axb5 axb5 16. b4 Rfe8 17. d5 cxd5 18.
Nxb5 Qb6 19. exd5 Bxd5 20. c4 Rxa1 21. Rxa1 Bxf3 22. Bxf3 e4 23. Nxd6 Re6 24. c5 Nxc5 25.
bxc5 Qxc5 26. Nb7 Qb6 27. Nd8 Rd6 28. Qc3 exf3 0-1

[Event "*** Titled Tuesday Blitz"]
[Site "Chess.com"]
[Date "2019.08.06"]
[Round "1"]
[White "ZZWW18"]
[Black "Genghis_K"]
[Result "0-1"]
[WhiteElo "2456"]
[BlackElo "2883"]
[TimeControl "180+2"]
[EndTime "13:06:40 PDT"]
[Termination "Genghis_K won by resignation"]

1. d4 Nf6 2. Bg5 c5 3. Bxf6 gxf6 4. d5 Qb6 5. Qc1 f5 6. e3 Bg7 7. c3 d6 8. g3 Nd7 9. Bg2 Ne5 10.
Bf1 Bd7 11. Nd2 e6 12. Nc4 Nxc4 13. Bxc4 O-O-O 14. Ne2 h5 15. h4 e5 16. Qc2 Kb8 17. O-O-O Qc7 18. a4 Qa5 19. Bb3 c4 20. Bxc4 Bxa4 21.
Bb3 Bb5 22. c4 Rc8 23. Kb1 e4 24. Nd4 Bd7 25. Qd2 Qb6 26. Ba2 Rc5 27. Rc1 Ra5 28.
Nb3 Ra4 29. c5 Qa6 30. c6 Rxa2 31. cxd7 Rxb2+ 32. Qxb2 Bxb2 33. Kxb2 Qb5 34. Rc3 Qxd7 35. Rhc1 a6 36. Nd4 Re8 37. Ne2 Qb5+ 0-1

[Event "*** Titled Tuesday Blitz"]
[Site "Chess.com"]
[Date "2019.08.06"]
[Round "1"]
[White "Winehouse83"]
[Black "tonyq11"]
[Result "1-0"]
[WhiteElo "2620"]
[BlackElo "2233"]
[TimeControl "180+2"]
[EndTime "13:06:40 PDT"]
[Termination "Winehouse83 won by resignation"]

1. d4 d5 2. c4 e6 3. Nc3 Nf6 4. Nf3 Be7 5. cxd5 exd5 6. Bg5 c6 7. e3 O-O 8. Bd3 Nbd7 9. Qc2 Re8 10. h3 h6 11. Bf4 Nf8 12. O-O-O a5 13. g4 Ne6 14. Bh2 b5 15. Ne5 Bd7 16. Kb1 Ra7 17. Rhg1 a4 18. h4 b4 19. Nxa4 c5 20. Nxc5 Nxc5 21. dxc5 b3 22. axb3 Qa8 23. Kc1 Bxc5 24.
Kd2 Ne4+ 25. Bxe4 Bb4+ 26. Ke2 dxe4 27. Nxd7 Rxd7 28. Rxd7 Qa6+ 29. Qc4 1-0

[Event "*** Titled Tuesday Blitz"]
[Site "Chess.com"]
[Date "2019.08.06"]
[Round "1"]
[White "kesarev"]
[Black "eljanov"]
[Result "0-1"]
[WhiteElo "2403"]
[BlackElo "2804"]
[TimeControl "180+2"]
[EndTime "13:06:41 PDT"]
[Termination "eljanov won by checkmate"]

1. Nf3 d5 2. c4 c6 3. b3 Bg4 4. Bb2 e6 5. e3 Nf6 6. Be2 Bd6 7.
h3 Bh5 8. O-O O-O 9. d4 Nbd7 10.
Nbd2 Ne4 11. Qc2 f5 12. Rfe1 Qf6 13. a4 Rad8 14. Ba3 Bxa3 15. Rxa3 g5 16. Nh2 Bxe2 17.
Rxe2 h5 18. f3 Ng3 19. Rf2 f4 20. Qc3 c5 21. cxd5 exd5 22. Nhf1 Nf5 23. e4 Nxd4 24. b4 cxb4 25. Qxb4 Nc2 26. Qc3 Nxa3 27. Qxa3 d4 28. Qb3+ Rf7 29. e5 Nxe5 30. Ne4 Qg6 31. Nfd2 Kg7 32.
Rf1 g4 33. fxg4 hxg4 34. hxg4 Nxg4 35. Qb5 Ne3 36. Rf2 Rd5 37. Qe8 Rh5 38. Nf3 Qh6 39. g4 Rh1# 0-1

[Event "*** Titled Tuesday Blitz"]
[Site "Chess.com"]
[Date "2019.08.06"]
[Round "1"]
[White "Airquake"]
[Black "ChessNinja48"]
[Result "1-0"]
[WhiteElo "2620"]
[BlackElo "2231"]
[TimeControl "180+2"]
[EndTime "13:06:41 PDT"]
[Termination "Airquake won by resignation"]

1. g3 Nf6 2. Bg2 e6 3. Nf3 d5 4.
O-O Be7 5. d3 O-O 6. b3 c5 7.
Bb2 Nc6 8. Nbd2 b5 9. e4 a5 10.
Re1 a4 11. Ne5 Bb7 12. exd5 exd5 13. c4 a3 14. Nxc6 Bxc6 15. Be5 Qd7 16. Rc1 bxc4 17. dxc4 d4 18. Qc2 Bxg2 19. Kxg2 d3 20. Qc3 Rad8 21. f3 Rfe8 22. Rcd1 Qf5 23. Re3 Nd7 24. Bc7 Bg5 25. Qxd3 Qf6 26. Rxe8+ Rxe8 1-0

[Event "*** Titled Tuesday Blitz"]
[Site "Chess.com"]
[Date "2019.08.06"]
[Round "1"]
[White "ChessyInstinct"]
[Black "Gareth-Bale11"]
[Result "0-1"]
[WhiteElo "2380"]
[BlackElo "2729"]
[TimeControl "180+2"]
[EndTime "13:06:42 PDT"]
[Termination "Gareth-Bale11 won by resignation"]

1. d4 Nf6 2. c4 e6 3. g3 d5 4. Nf3 Bb4+ 5. Bd2 Be7 6. Bg2 O-O 7. O-O Nbd7 8. Qc2 Ne4 9. Nc3 Nxd2 10. Nxd2 c6 11. e4 dxe4 12. Ndxe4 f5 13. Nd2 e5 14. Nb3 Qc7 15. d5 e4 16. Nd4 Ne5 17. b3 Bd7 18. Kh1 Rad8 19. Rae1 Nd3 20. Rd1 Bc5 21.
Rxd3 exd3 22. Qxd3 Qe5 23. Nf3 Qf6 24. Na4 Bb4 25. Nd4 Rfe8 26. Nc2 Bf8 27. Nc3 Bd6 28. f4 c5 29. Ne1 Re7 30. Nf3 Rde8 31. Qd2 h6 32. Re1 Rxe1+ 33. Nxe1 Qd4 34. Nf3 Qxd2 35. Nxd2 Re1+ 36. Bf1 Bc7 37. Kg2 Ba5 38. Kf2 Rc1 39.
Ncb1 Rc2 40. Ke3 Rxa2 41. Bd3 Rb2 42. h3 a6 43. g4 fxg4 44. hxg4 Bxg4 45. Ne4 Rxb3 46.
Nxc5 Bb6 47. Kd4 Bxc5+ 48. Kxc5 Rxd3 49. Kb6 Rb3+ 50. Kc7 Rxb1 51. c5 a5 52. c6 bxc6 53.
dxc6 a4 54. Kd8 0-1

[Event "*** Titled Tuesday Blitz"]
[Site "Chess.com"]
[Date "2019.08.06"]
[Round "1"]
[White "canwedoit"]
[Black "rasmussvane"]
[Result "1-0"]
[WhiteElo "2439"]
[BlackElo "2818"]
[TimeControl "180+2"]
[EndTime "13:06:46 PDT"]
[Termination "canwedoit won by checkmate"]

1. d4 e6 2. e4 d5 3. Nd2 Be7 4. Ngf3 Nf6 5. e5 Nfd7 6. c3 c5 7. Be2 Nc6 8. Nf1 cxd4 9. cxd4 Qa5+ 10. Bd2 Bb4 11. Ng3 f6 12. exf6 Nxf6 13. O-O Bxd2 14. Nxd2 Nxd4 15. Bh5+ g6 16. Nde4 dxe4 17. Qxd4 e5 18.
Qe3 Nxh5 19. Nxh5 gxh5 20. Qg5 Be6 21. Qf6 Kd7 22. Rfd1+ Bd5 23. b4 Qb5 24. Qxe5 Kc6 25. Rac1+ Kb6 26. Rxd5 Qxd5 27. Qxd5 Rac8 28. Qa5# 1-0

[Event "*** Titled Tuesday Blitz"]
[Site "Chess.com"]
[Date "2019.08.06"]
[Round "1"]
[White "2165149677570"]
[Black "Keaton87"]
[Result "1-0"]
[WhiteElo "2281"]
[BlackElo "2617"]
[TimeControl "180+2"]
[EndTime "13:06:51 PDT"]
[Termination "2165149677570 won by checkmate"]

1. e4 c5 2. Nf3 d6 3. Bb5+ Nc6 4. O-O Bd7 5. Re1 Nf6 6. c3 a6 7. Bf1 e6 8. d4 cxd4 9. cxd4 d5 10. e5 Ne4 11. Bd3 Nb4 12. Bxe4 dxe4 13. Rxe4 Bc6 14. Rg4 h5 15. Rg3 h4 16. Rg4 h3 17. Bg5 Qb6 18. Nc3 hxg2 19. a3 Nd5 20. Ne4 Qxb2 21. h4 Nc3 22. Nxc3 Qxc3 23. Rf4 Bxa3 24. d5 Bxd5 25. Qa4+ b5 26. Qxa3 Qxa3 27. Rxa3 O-O 28. h5 a5 29. h6 f5 30. exf6 gxf6 31. Bxf6 Kh7 32. Ng5+ Kg6 33. Rg3 Rxf6 34. Ne4+ Kxh6 35. Rh4# 1-0

[Event "*** Titled Tuesday Blitz"]
[Site "Chess.com"]
[Date "2019.08.06"]
[Round "1"]
[White "Korchmar_Vasiliy"]
[Black "pandamaster3000"]
[Result "1-0"]
[WhiteElo "2652"]
[BlackElo "2311"]
[TimeControl "180+2"]
[EndTime "13:06:54 PDT"]
[Termination "Korchmar_Vasiliy won by resignation"]

1. d4 Nf6 2. c4 g6 3. Nc3 Bg7 4.
e4 d6 5. h3 O-O 6. Nf3 e5 7. d5 a5 8. g4 Na6 9. Be3 c6 10. Be2 cxd5 11. cxd5 Bd7 12. Nd2 Rc8 13. g5 Ne8 14. h4 f5 15. f3 Nc5 16. Rg1 Kh8 17. Nb3 b6 18. h5 f4 19. Bxc5 bxc5 20.
h6 c4 21. hxg7+ Nxg7 22. Nd2 Qb6 23. Rh1 Qxb2 24. Qc1 Qb4 25. Kf2 Qc5+ 26. Kg2 Nh5 27. Nf1 Qc7 28. Qe1 Rb8 29. Nd1 Qc5 30. Rc1 Bb5 31.
Qxa5 Ra8 32. Qd2 Ra3 33. Nc3 Ba6 34. Qb2 Ra5 35. Rb1 Qd4 36. Qb4 Rc5 37. Rd1 1-0